 Dungeon Crawl Stone Soup version 0.29-a0-885-gb26ba3297d (webtiles) character file.

Game seed: 7091585339691526449

1119 iguanaiguana the Cleaver (level 8, -4/63 HPs)
             Began as a Meteoran Fighter on July 20, 2022.
             Was an Initiate of Cheibriados.
             Slain by an orc warrior
             ... wielding a +0 hand axe
              (11 damage)
             ... on level 6 of the Dungeon.
             The game lasted 00:19:38 (1811 turns).

iguanaiguana the Cleaver (Meteoran Fighter)         Turns: 1811, Time: 00:19:39

Health: -4/63      AC: 15    Str: 19    XL:     8   Next: 92%
Magic:  18/18      EV:  5    Int: 19    God:    Cheibriados [......]
Gold:   255        SH:  5    Dex: 12    Spells: 7/7 levels left

rFire   . . .      SeeInvis .   a - +0 war axe
rCold   . . .      Faith    .   c - +0 buckler
rNeg    . . .      Spirit   .   p - +0 plate armour
rPois   .          Reflect  .   (no helmet)
rElec   .          Harm     .   b - +0 cloak
rCorr   .          Rampage  .   h - +1 pair of gloves
Will    +....                   (no boots)
Stlth   ..........              (no amulet)
HPRegen 0.20/turn               g - ring of magical power
MPRegen 0.16/turn               (no ring)

@: brilliant, flying, glowing, very slow
A: sense surroundings 1, otherworldly, glowing, explore regen, fangs 1, clever 2
a: Renounce Religion


You were on level 6 of the Dungeon.
You worshipped Cheibriados.
Cheibriados was noncommittal.
You visited 1 branch of the dungeon, and saw 6 of its levels.

You collected 255 gold pieces.

Inventory:

Hand Weapons
 a - a +0 war axe (weapon)
Missiles
 e - 4 javelins (quivered)
Armour
 b - a +0 cloak (worn)
 c - a +0 buckler (worn)
 h - a +1 pair of gloves (worn)
 m - a +2 leather armour of poison resistance
 p - a +0 plate armour (worn)
Jewellery
 g - a ring of magical power (left hand)
Scrolls
 f - a scroll of enchant armour
 i - 5 scrolls of teleportation {@r3}
 j - a scroll of amnesia
 o - a scroll of identify {@r1}
Potions
 q - a potion of flight


   Skills:
 - Level 3.5 Fighting
 + Level 11.4 Axes
 - Level 3.9 Armour
 - Level 3.9 Shields


You had 7 spell levels left.
You didn't know any spells.
Your spell library contained the following spells:

 Spells                   Type           Power      Damage    Failure   Level
 Necrotise                Necr           0%         1d4       100%        1
 Sublimation of Blood     Necr           0%         N/A       100%        2
 Vampiric Draining        Necr           0%         2d6       100%        3
 Petrify                  Tmut/Erth      0%         N/A       100%        4
 Agony                    Necr           0%         N/A       100%        5
 Irradiate                Conj/Tmut      0%         3d11      100%        5


Dungeon Overview and Level Annotations

Branches:
Dungeon (6/15) Zot: 2676
 Temple: D:4-7

Altars:
Cheibriados

Shops:
D:1 =


Innate Abilities, Weirdness & Mutations

You passively map a small area around you.
You are easily found by Zot.
You glow in the dark.
You regain HP and MP as you explore.
You have very sharp teeth.
Your mind is very acute. (Int +8, Str/Dex -2)


Message History

Cheibriados appreciates the change of pace.
Reactivating autopickup.
You feel a bit more experienced.
The orc warrior shoots a bolt.
The bolt hits you!!
* * * LOW HITPOINT WARNING * * *
The orc warrior unwields a +0 arbalest.
The orc warrior wields a +0 hand axe.
The orc warrior hits you with a +0 hand axe.
* * * LOW HITPOINT WARNING * * *
There is an open door, spattered with blood here.
Items here: )))) [[ †††.
You hit the orc warrior but do no damage.
You hit the orc.
The orc warrior hits you with a +0 hand axe!
* * * LOW HITPOINT WARNING * * *
You hit the orc warrior.
The orc warrior is lightly wounded.
You closely miss the orc.
It was a potion of mutation.
You feel extremely strange.
You feel clever. x2; Your teeth lengthen and sharpen.
The orc warrior hits you with a +0 hand axe.
* * * LOW HITPOINT WARNING * * *
Okay, then.
You aren't carrying any items that you can evoke.
Okay, then.
As you read the scroll labelled QAOXUIMUIR, it crumbles to dust.
You hear a loud clanging noise!
It was a scroll of noise.
You hear an angry growl.
The orc warrior hits you with a +0 hand axe.
* * * LOW HITPOINT WARNING * * *
Okay, then.
This is a scroll of acquirement!
Something appears at your feet!
You hit the orc warrior. Your bite misses the orc warrior.
The orc warrior is moderately wounded.
You slash the orc!
You kill the orc!
Cheibriados appreciates the change of pace.
The orc warrior hits you with a +0 hand axe!
You die...

*,* #..#⌠≈≈###≈≈⌠#...##
*,**#####..#####.#####.....
*,,,,..................###)
*******#..).....#...#.## #.
#.#'####*#..##.# #.
#......###...#.# #.
#............#.# #.
#.)o.........#.# #.
#.#@#........#.# #.
#.#.######...#.# #.
#.#)#######.##.# ##'
#[...).......#.# #.)
######.###...####.# #..
#......# #...# #.# #..
#...#### #...# #.# #..
#...# #...# #.# #.. #...#
#...# #.# ##'


You could see an orc warrior.

Vanquished Creatures
  Grinder (D:4)
  Eustachio (D:6)
  A phantom (D:5)
  5 scorpions
  A wight (D:4)
  A hound (D:6)
  An orc priest (D:6)
  A gnoll bouda (D:4)
  An iguana (D:6)
  5 orc wizards (D:6)
  3 gnolls (D:6)
  3 adders
  An ufetubus (D:4)
  A worm (D:6)
  4 dart slugs (D:4)
  5 orcs
  5 endoplasms
  3 giant cockroaches
  4 goblins
  3 hobgoblins
  6 jackals (D:2)
  2 quokkas
  8 ball pythons
  A bat (D:2)
  2 frilled lizards
  7 kobolds
  2 rats
78 creatures vanquished.

Notes
Turn   | Place    | Note
-------+----------+-------------------------------------------
     0 | D:1      | iguanaiguana the Meteoran Fighter began the quest for the
                  | Orb.
     0 | D:1      | Reached XP level 1. HP: 19/19 MP: 2/2
    64 | D:1      | Found Tetrak's Jewellery Shop.
   130 | D:2      | Reached XP level 2. HP: 26/26 MP: 3/3
   292 | D:1      | Reached XP level 3. HP: 29/31 MP: 4/4
   456 | D:2      | Reached skill level 3 in Axes
   603 | D:2      | Reached XP level 4. HP: 37/38 MP: 5/5
   740 | D:2      | Reached skill level 4 in Axes
   933 | D:3      | Reached XP level 5. HP: 43/45 MP: 6/6
  1067 | D:3      | Found a faded altar of an unknown god.
  1143 | D:4      | Reached skill level 5 in Axes
  1164 | D:4      | Reached skill level 6 in Axes
  1179 | D:4      | Reached XP level 6. HP: 40/51 MP: 7/7
  1220 | D:4      | Reached skill level 7 in Axes
  1271 | D:5      | Entered Level 5 of the Dungeon
  1276 | D:5      | Noticed a water moccasin
  1294 | D:4      | Noticed Grinder
  1310 | D:4      | Paralysed by Grinder for 5 turns
  1316 | D:4      | Killed Grinder
  1317 | D:4      | Reached skill level 8 in Axes
  1317 | D:4      | Reached XP level 7. HP: 26/57 MP: 8/8
  1353 | D:5      | Reached skill level 9 in Axes
  1381 | D:5      | Reached XP level 8. HP: 63/63 MP: 9/9
  1441 | D:6      | Upgraded the game from 0.29-a0-878-g7b45a56547 to
                  | 0.29-a0-885-gb26ba3297d
  1487 | D:6      | Found a snail-covered altar of Cheibriados.
  1503 | D:6      | Became a worshipper of Cheibriados the Contemplative
  1517 | D:6      | Noticed Eustachio
  1539 | D:6      | Killed Eustachio
  1540 | D:6      | Reached skill level 10 in Axes
  1725 | D:6      | Reached skill level 11 in Axes
  1808 | D:6      | Gained mutation: Your mind is acute. (Int +4, Str/Dex -1)
                  | [potion of mutation]
  1808 | D:6      | Gained mutation: Your mind is very acute. (Int +8, Str/Dex
                  | -2) [potion of mutation]
  1808 | D:6      | Gained mutation: You have very sharp teeth. [potion of
                  | mutation]
  1810 | D:6      | Identified a scroll of acquirement
  1810 | D:6      | Acquired a +2 broad axe of electrocution
  1811 | D:6      | Slain by an orc warrior

Illustrated notes

Levels and vault maps discovered:
D:1:      dpeg_arrival_orchard, layout_loops_ring, serial_shops, shop,
          nicolae_concentric_dashed_squares_mild
D:2:      layout_basic
D:3:      layout_loops_corners, dreamdust_ecumenical_altar_grove,
          gammafunk_ghost_grave, minmay_puff
D:4:      layout_loops_ring, minmay_door_square, kennysheep_opposing_triangles,
          uniq_grinder
D:5:      layout_cave_pools, hangedman_decor_growths, uniq_duvessa
D:6:      lemuel_ice_spiral_2, layout_basic, cheibrodos_worm_habitat,
          supply_closet_lemuel, uniq_blork_the_orc, uniq_menkaure,
          uniq_eustachio

Skill      XL: |  1  2  3  4  5  6  7  8 |
---------------+-------------------------+-----
Axes           | 3 4 6 8 9 11 | 11.4
Fighting       | |  3.5
Armour         | |  3.9
Shields        | |  3.9

Action                   |  1- 3 |  4- 6 |  7- 9 || total
-------------------------+-------+-------+-------++-------
Melee: War axe           |    81 |    93 |   103 ||   277
  Use: Scroll            |       |     6 |     3 ||     9
       Potion            |       |     1 |     4 ||     5
Armor: Scale mail        |    35 |       |       ||    35
       Leather armour    |    10 |    38 |       ||    48
       Plate armour      |       |       |    66 ||    66
Dodge: Dodged            |    44 |    38 |    17 ||    99
Block: Buckler           |    28 |    16 |    20 ||    64

Table legend: (Time is in decaauts)
 A = Elapsed time spent in this place.
 B = Non-inter-level travel time spent in this place.
 C = Inter-level travel time spent in this place.
 D = Time resting spent in this place.
 E = Time spent auto-exploring this place.
 F = Levels seen in this place.
 G = Mean time per level.
                   A        B        C        D        E       F      G
               +--------+--------+--------+--------+--------+-----+--------+
         Total |   1939 |    741 |   1198 |      0 |      0 |   6 |  323.2 |
       Dungeon |   1939 |    741 |   1198 |      0 |      0 |   6 |  323.2 |
               +--------+--------+--------+--------+--------+-----+--------+

Top non-repeatable levels by time:
     D:2: 503 daAuts
     D:6: 464 daAuts
     D:3: 316 daAuts
     D:4: 299 daAuts
     D:1: 271 daAuts
     D:5: 83 daAuts
